 Dungeon Crawl Stone Soup version 0.29-a0-504-gec6baf379c (webtiles) character file.

Game seed: 7505588335098895924

158 Morbidden the Sneak (level 5, -4/31 HPs)
             Began as a Tengu Brigand on May 28, 2022.
             Killed by divine providence
             ... invoked by an orc priest
              (13 damage)
             ... on level 4 of the Dungeon.
             The game lasted 00:03:02 (3329 turns).

Morbidden the Sneak (Tengu Brigand)                 Turns: 3329, Time: 00:03:02

Health: -4/31      AC:  4    Str: 11    XL:     5   Next: 39%
Magic:  1/2        EV: 14    Int: 14    God:
Gold:   156        SH:  4    Dex: 15    Spells: 3/4 levels left

rFire   + . .      SeeInvis .   a - +1 short sword (antimagic)
rCold   . . .      Faith    .   n - +0 buckler
rNeg    . . .      Spirit   .   b - +0 robe
rPois   .          Reflect  .   (helmet restricted)
rElec   .          Harm     .   c - +0 cloak
rCorr   .          Rampage  .   p - +0 pair of gloves
Will    .....                   (boots unavailable)
Stlth   +++.......              (no amulet)
HPRegen 0.10/turn               h - ring of protection from fire
MPRegen 0.08/turn               (no ring)

@: flying quickly and evasively, quick
A: beak, talons 3, nimble flight
a: no special abilities


You were on level 4 of the Dungeon.
You visited 1 branch of the dungeon, and saw 4 of its levels.

You collected 156 gold pieces.

Inventory:

Hand Weapons
 a - a +1 antimagic short sword (weapon)
 g - a +2 dagger
Missiles
 d - 8 poisoned darts (quivered)
 e - 3 curare-tipped darts
 m - 3 boomerangs
Armour
 b - a +0 robe (worn)
 c - a +0 cloak (worn)
 n - a +0 buckler (worn)
 p - a +0 pair of gloves (worn)
Jewellery
 h - a ring of protection from fire (left hand)
Scrolls
 i - a scroll of noise {unknown}
 j - a scroll of amnesia {unknown}
 q - a scroll of identify {unknown}
 r - a scroll of fear {unknown}
 s - a scroll of teleportation {unknown}
Potions
 f - 4 potions of curing {unknown}
 k - a potion of haste {unknown}
 l - a potion of attraction {unknown}
 o - a potion of degeneration {unknown}


   Skills:
 * Level 2.4 Fighting
 * Level 3.2 Short Blades
 + Level 2.1 Throwing
 * Level 1.6 Armour
 * Level 2.3 Dodging
 + Level 5.0 Stealth
 * Level 0.5 Shields
 * Level 0.4 Spellcasting


You had 3 spell levels left.
You knew the following spells:

 Your Spells              Type           Power      Damage    Failure   Level
a - Necrotize             Necr           0%         1d4       36%         1

Your spell library contained the following spells:

 Spells                   Type           Power      Damage    Failure   Level
 Apportation              Tloc           0%         N/A       36%         1
 Summon Small Mammal      Summ           0%         N/A       36%         1
 Ozocubu's Armour         Ice            0%         N/A       75%         3
 Ozocubu's Refrigeration  Ice            0%         4d5       100%        7


Dungeon Overview and Level Annotations

Branches:
Dungeon (4/15)
 Temple: D:4-7

Altars:


Innate Abilities, Weirdness & Mutations

You have a beak for a mouth.
You have claws for feet.
Your magical nature lets you fly swiftly and evasively.


Message History

The orc shouts!
The orc priest mumbles some strange prayers to Beogh against you.
Beogh smites you!
You hear a shout!
An orc comes into view. It is wielding a +0 club.
The orc shouts!
Unknown command.
A goblin comes into view. It is wielding a +0 dagger.
Unknown command.
The goblin shouts!
You hit the orc priest.
The orc priest is moderately wounded.
The orc priest looks encouraged for a moment.
Unknown command.
You completely miss the orc priest.
The orc priest is moderately wounded.
The orc priest hits you but does no damage.
Unknown command.
You closely miss the orc priest. You claw the orc priest.
You peck the orc priest.
The orc priest is severely wounded.
You block the orc priest's attack. The orc completely misses you.
Unknown command.
You hit the orc priest but do no damage.
The orc priest is severely wounded.
The orc priest hits you with a +0 flail.
The orc completely misses you. The orc hits you with a +0 club.
Unknown command.
You closely miss the orc priest. Your kick misses the orc priest.
The orc priest is severely wounded.
The orc barely misses you.
The orc priest calls down the wrath of Beogh upon you.
Pain shoots through your body! The orc hits you with a +0 mace.
* * * LOW HITPOINT WARNING * * *
Unknown command.
You hit the orc priest. Your peck misses the orc priest.
The orc priest is almost dead.
The orc priest calls down the wrath of Beogh upon you.
Beogh smites you!
You die...

...............#
...............#
#####........###
#........####
######....†..)..
##...........####
#..$.............
####..########.##.##
#go@..# #.##.##
......oo.## #.#....
..#.###### #......
#. #....## #....
#.... #....##
#...... #..##)#


You could see an orc priest, 2 orcs and a goblin.

Vanquished Creatures
  A howler monkey (D:3)
  4 adders
  3 dart slugs
  6 ball pythons
  5 bats
  8 endoplasms
  3 giant cockroaches
  5 hobgoblins
  5 jackals
  12 kobolds
  A quokka (D:1)
  4 frilled lizards
  8 goblins
  8 rats
73 creatures vanquished.

Notes
Turn   | Place    | Note
-------+----------+-------------------------------------------
     0 | D:1      | Morbidden the Tengu Brigand began the quest for the Orb.
     0 | D:1      | Reached XP level 1. HP: 12/12 MP: 2/2
   478 | D:1      | Reached XP level 2. HP: 17/17 MP: 1/3
   807 | D:1      | Reached XP level 3. HP: 21/21 MP: 1/4
  1312 | D:2      | Reached skill level 1 in Armour
  1692 | D:2      | Reached XP level 4. HP: 26/26 MP: 1/5
  2251 | D:3      | Found a faded altar of an unknown god.
  2460 | D:3      | Gained mutation: Your magical nature lets you fly swiftly
                  | and evasively. [Tengu growth]
  2460 | D:3      | Reached XP level 5. HP: 23/31 MP: 2/6
  2958 | D:4      | Learned a level 1 spell: Necrotize
  3204 | D:4      | Reached skill level 5 in Stealth
  3329 | D:4      | Killed from afar by an orc priest

Illustrated notes

Levels and vault maps discovered:
D:1:      minmay_arrival_cross, layout_basic
D:2:      minmay_angry_zag, layout_basic
D:3:      layout_loops_ring, ebering_ecumenical_altar_mist
D:4:      layout_loops_ring, kennysheep_cross_bottleneck

Skill      XL: |  1  2  3  4  5 |
---------------+----------------+-----
Armour         | 1 |  1.6
Dodging        | 2 |  2.3
Short Blades   | 3 |  3.2
Stealth        | 5 |  5.0
Fighting       | |  2.4
Throwing       | |  2.1
Shields        | |  0.5
Spellcasting   | |  0.4

Action                   |  1- 3 |  4- 6 || total
-------------------------+-------+-------++-------
Melee: Dagger            |    15 |       ||    15
       Kick              |    14 |    16 ||    30
       Short sword       |    48 |    66 ||   114
       Peck              |     4 |    14 ||    18
Throw: Dart              |     4 |       ||     4
 Cast: Necrotize         |       |     2 ||     2
 Stab: Sleeping          |    14 |     8 ||    22
Armor: Robe              |    11 |    12 ||    23
Dodge: Dodged            |    33 |    21 ||    54
Block: Buckler           |       |     8 ||     8

Table legend: (Time is in decaauts)
 A = Elapsed time spent in this place.
 B = Non-inter-level travel time spent in this place.
 C = Inter-level travel time spent in this place.
 D = Time resting spent in this place.
 E = Time spent auto-exploring this place.
 F = Levels seen in this place.
 G = Mean time per level.
                   A        B        C        D        E       F      G
               +--------+--------+--------+--------+--------+-----+--------+
         Total |   3262 |   3111 |    151 |    245 |   2401 |   4 |  815.5 |
       Dungeon |   3262 |   3111 |    151 |    245 |   2401 |   4 |  815.5 |
               +--------+--------+--------+--------+--------+-----+--------+

Top non-repeatable levels by time:
     D:1: 1280 daAuts
     D:2: 821 daAuts
     D:3: 731 daAuts
     D:4: 428 daAuts
